SL
PHOENIX HOTSPUR @ D.C. DIVIDED
07/09/2024
 
TOP OF THE 1ST
Phoenix Hotspur batting - Pitching for D.C. Divided : LHP Tetsuzan Kaneko
Pitching: LHP Tetsuzan Kaneko
Batting: LHB Arthur Ryan 0-0: Called Strike
0-1: Foul Ball, location: 2F
0-2: SINGLE (Line Drive, 6M)
Batting: SHB Pedro Gómez 0-0: SINGLE (Groundball, 34)
Arthur Ryan to second
Runner from 2nd tries for 3rd, OUT!
Pedro Gómez to second
Batting: RHB Martín Martínez 0-0: Ground out 5-3 (Groundball, 56)
Batting: RHB Raúl Robles 0-0: SINGLE (Flyball, 9S)
Pedro Gómez to third
Runner from 3rd tries for Home, SAFE, no throw or cutoff
Batting: RHB Gabriel Pérez 0-0: Called Strike
0-1: Swinging Strike
0-2: Ball
1-2: Strikes out swinging
Top of the 1st over - 1 run(s), 3 hit(s), 0 error(s), 1 left on base; Phoenix 1 - D.C. 0
BOTTOM OF THE 1ST
D.C. Divided batting - Pitching for Phoenix Hotspur : RHP Cory Sanders
Pitching: RHP Cory Sanders
Batting: RHB Cristo González 0-0: Called Strike
0-1: Fly out, F8 (Flyball, 8RM)
Batting: LHB Brad Elmore 0-0: Swinging Strike
0-1: Ball
1-1: Foul Ball, location: 2F
1-2: Ball
2-2: Strikes out swinging
Batting: LHB Mike Gardner 0-0: Called Strike
0-1: Swinging Strike
0-2: Ball
1-2: Ball
2-2: Hit by Pitch
Batting: LHB Ray Sears 0-0: Foul Ball, location: 2F
0-1: Swinging Strike
0-2: Ball
1-2: Ball
2-2: Foul Ball, location: 2F
2-2: Ball
3-2: SINGLE (Flyball, 8LS)
Mike Gardner to second
Mike Gardner to third
Batting: LHB Charles Mathes 0-0: Ball
1-0: Fielders Choice at 2nd, U6 (Groundball, 6M)
Bottom of the 1st over - 0 run(s), 1 hit(s), 0 error(s), 2 left on base; Phoenix 1 - D.C. 0
TOP OF THE 2ND
Phoenix Hotspur batting - Pitching for D.C. Divided : LHP Tetsuzan Kaneko
Batting: RHB António Padilla 0-0: Ball
1-0: Ball
2-0: Fly out, F8 (Flyball, 8LS)
Batting: RHB Ángel Rivera 0-0: Ball
1-0: Ball
2-0: SINGLE (Line Drive, 6MD)
Batting: RHB Alfredo Martínez 0-0: Called Strike
0-1: Foul Ball, location: 2F
0-2: Ball
1-2: Strikes out swinging
Batting: RHB John Moore 0-0: Ground out 6-3 (Groundball, 6)
Top of the 2nd over - 0 run(s), 1 hit(s), 0 error(s), 1 left on base; Phoenix 1 - D.C. 0
BOTTOM OF THE 2ND
D.C. Divided batting - Pitching for Phoenix Hotspur : RHP Cory Sanders
Batting: LHB Keith Bridges 0-0: Ball
1-0: Called Strike
1-1: Ball
2-1: Ball
3-1: Base on Balls
Batting: RHB Brett Robinson 0-0: Called Strike
Keith Bridges is caught stealing 2nd base
0-1: Ball
1-1: Fly out, F9 (Flyball, 89M)
Batting: RHB Mario Castillo 0-0: SINGLE (Groundball, 5D)
Batting: LHB Ramón García 0-0: Ball
1-0: Called Strike
1-1: Ball
2-1: Ball
3-1: Foul Ball, location: 2F
3-2: Strikes out swinging
Bottom of the 2nd over - 0 run(s), 1 hit(s), 0 error(s), 1 left on base; Phoenix 1 - D.C. 0
TOP OF THE 3RD
Phoenix Hotspur batting - Pitching for D.C. Divided : LHP Tetsuzan Kaneko
Batting: LHB Arthur Ryan 0-0: Foul Ball, location: 2F
0-1: SINGLE (Groundball, 13) (infield hit)
Batting: SHB Pedro Gómez 0-0: Called Strike
0-1: Fielders Choice at 2nd, 3-6 (Groundball, 3)
Batting: RHB Martín Martínez 0-0: DOUBLE (Line Drive, 7LM)
Pedro Gómez to third
Pinch Runner at 2nd Roberto López:
Batting: RHB Raúl Robles 0-0: Ball
1-0: Swinging Strike
1-1: Ball
2-1: Ball
3-1: Called Strike
3-2: Base on Balls
Batting: RHB Gabriel Pérez 0-0: Ball
1-0: Called Strike
1-1: Ball
2-1: Ball
3-1: Foul Ball, location: 2F
3-2: Base on Balls
Pedro Gómez scores
Roberto López to third
Raúl Robles to second
Batting: RHB António Padilla 0-0: Ball
1-0: Foul Ball, location: 2F
1-1: Called Strike
1-2: Ball
2-2: Foul Ball, location: 2F
2-2: Grounds into double play, 4-6-3 (Groundball, 4)
Top of the 3rd over - 1 run(s), 2 hit(s), 0 error(s), 2 left on base; Phoenix 2 - D.C. 0
BOTTOM OF THE 3RD
D.C. Divided batting - Pitching for Phoenix Hotspur : RHP Cory Sanders
Now at SS: Roberto López
Batting: RHB Cristo González 0-0: Ball
1-0: Ball
2-0: Ball
3-0: Called Strike
3-1: Fly out, F6 (Popup, 5F)
Batting: LHB Brad Elmore 0-0: Ball
1-0: Called Strike
1-1: Swinging Strike
1-2: Strikes out looking
Batting: LHB Mike Gardner 0-0: Fly out, F9 (Flyball, 9D)
Bottom of the 3rd over - 0 run(s), 0 hit(s), 0 error(s), 0 left on base; Phoenix 2 - D.C. 0
TOP OF THE 4TH
Phoenix Hotspur batting - Pitching for D.C. Divided : LHP Tetsuzan Kaneko
Batting: RHB Ángel Rivera 0-0: Ball
1-0: SINGLE (Groundball, 56)
Batting: RHB Alfredo Martínez 0-0: Called Strike
0-1: Foul Ball, location: 2F
0-2: Ball
1-2: Ball
2-2: Fly out, F8 (Line Drive, 8RM)
Batting: RHB John Moore 0-0: Grounds into double play, 5-4-3 (Groundball, 56)
Top of the 4th over - 0 run(s), 1 hit(s), 0 error(s), 0 left on base; Phoenix 2 - D.C. 0
BOTTOM OF THE 4TH
D.C. Divided batting - Pitching for Phoenix Hotspur : RHP Cory Sanders
Batting: LHB Ray Sears 0-0: Ball
1-0: Ball
2-0: Called Strike
2-1: Ball
3-1: Called Strike
3-2: Foul Ball, location: 2F
3-2: Foul Ball, location: 2F
3-2: Foul Ball, location: 2F
3-2: Foul Ball, location: 2F
3-2: SINGLE (Groundball, 5D)
Batting: LHB Charles Mathes 0-0: Ball
1-0: Foul Ball, location: 2F
1-1: Swinging Strike
1-2: Strikes out swinging
Batting: LHB Keith Bridges 0-0: Called Strike
0-1: Ball
1-1: Fly out, F9 (Flyball, 89S)
Batting: RHB Brett Robinson 0-0: Foul Ball, location: 2F
0-1: Called Strike
0-2: Fielders Choice at 2nd, U6 (Groundball, 6M)
Bottom of the 4th over - 0 run(s), 1 hit(s), 0 error(s), 1 left on base; Phoenix 2 - D.C. 0
TOP OF THE 5TH
Phoenix Hotspur batting - Pitching for D.C. Divided : LHP Tetsuzan Kaneko
Batting: LHB Arthur Ryan 0-0: Called Strike
0-1: Ball
1-1: Ball
2-1: SINGLE (Line Drive, 34D)
Batting: SHB Pedro Gómez 0-0: Ball
1-0: Ball
2-0: Fly out, F8 (Popup, 8RS)
Batting: SHB Roberto López 0-0: Ball
Throwing error on steal attempt, E2
Arthur Ryan to third
1-0: Ball
2-0: Fly out, F8 (Flyball, 8RXD)
Runner from 3rd tags up, SCORES, no throw
Batting: RHB Raúl Robles 0-0: Called Strike
0-1: Fly out, F8 (Flyball, 8RXD)
Top of the 5th over - 1 run(s), 1 hit(s), 1 error(s), 0 left on base; Phoenix 3 - D.C. 0
BOTTOM OF THE 5TH
D.C. Divided batting - Pitching for Phoenix Hotspur : RHP Cory Sanders
Batting: RHB Mario Castillo 0-0: Called Strike
0-1: Called Strike
0-2: Ball
1-2: Foul Ball, location: 2F
1-2: SINGLE (Line Drive, 56)
Batting: LHB Ramón García 0-0: Swinging Strike
0-1: Foul Ball, location: 2F
0-2: Ball
1-2: Foul Ball, location: 2F
1-2: Foul Ball, location: 2F
1-2: Grounds into double play, 4-6-3 (Groundball, 4)
Batting: RHB Cristo González 0-0: Called Strike
0-1: Swinging Strike
0-2: SINGLE (Groundball, 56D) (infield hit)
Batting: LHB Brad Elmore 0-0: Called Strike
0-1: Ball
1-1: SINGLE (Line Drive, 6D)
Cristo González to second
Runner from 2nd tries for 3rd, SAFE, no throw or cutoff
Batting: LHB Mike Gardner 0-0: Ball
1-0: Ball
Wild Pitch!
Cristo González scores
Brad Elmore to second
2-0: Ball
3-0: Called Strike
3-1: Base on Balls
Batting: LHB Ray Sears 0-0: Foul Ball, location: 2F
0-1: Ball
1-1: Called Strike
1-2: Strikes out swinging
Bottom of the 5th over - 1 run(s), 3 hit(s), 0 error(s), 2 left on base; Phoenix 3 - D.C. 1
TOP OF THE 6TH
Phoenix Hotspur batting - Pitching for D.C. Divided : LHP Tetsuzan Kaneko
Batting: RHB Gabriel Pérez 0-0: Ball
1-0: Swinging Strike
1-1: Foul Ball, location: 2F
1-2: Ground out 6-3 (Groundball, 6MS)
Batting: RHB António Padilla 0-0: Foul Ball, location: 2F
0-1: Fly out, F9 (Flyball, 9M)
Batting: RHB Ángel Rivera 0-0: Foul Ball, location: 2F
0-1: Called Strike
0-2: Fly out, F8 (Flyball, 89XD)
Top of the 6th over - 0 run(s), 0 hit(s), 0 error(s), 0 left on base; Phoenix 3 - D.C. 1
BOTTOM OF THE 6TH
D.C. Divided batting - Pitching for Phoenix Hotspur : RHP Cory Sanders
Batting: LHB Charles Mathes 0-0: Called Strike
0-1: Ball
1-1: Ball
2-1: Swinging Strike
2-2: Ground out 4-3 (Groundball, 34)
Batting: LHB Keith Bridges 0-0: Swinging Strike
0-1: Ball
1-1: Ball
2-1: Swinging Strike
2-2: Ball
3-2: Foul Ball, location: 2F
3-2: Base on Balls
Pitching: RHP Donald Gregory
Batting: RHB Brett Robinson 0-0: Ball
Wild Pitch!
Keith Bridges to second
1-0: Called Strike
1-1: Ball
2-1: Swinging Strike
2-2: Ground out 5-3 (Groundball, 5L)
Batting: RHB Mario Castillo 0-0: Called Strike
0-1: Ball
1-1: Foul Ball, location: 2F
1-2: Ball
2-2: Foul Ball, location: 2F
2-2: Reached on error, E6 (Groundball, 6)
Keith Bridges scores
Batting: LHB Ramón García 0-0: Swinging Strike
0-1: Foul Ball, location: 2F
0-2: Ground out 1-3 (Groundball, 23)
Bottom of the 6th over - 1 run(s), 0 hit(s), 1 error(s), 1 left on base; Phoenix 3 - D.C. 2
TOP OF THE 7TH
Phoenix Hotspur batting - Pitching for D.C. Divided : LHP Tetsuzan Kaneko
Batting: RHB Alfredo Martínez 0-0: Ball
1-0: Fly out, F8 (Flyball, 8RM)
Batting: RHB John Moore 0-0: Ball
1-0: Foul Ball, location: 2F
1-1: Foul Ball, location: 2F
1-2: Ball
2-2: Ground out 6-3 (Groundball, 6)
Batting: LHB Arthur Ryan 0-0: Ground out 4-3 (Groundball, 4)
Top of the 7th over - 0 run(s), 0 hit(s), 0 error(s), 0 left on base; Phoenix 3 - D.C. 2
BOTTOM OF THE 7TH
D.C. Divided batting - Pitching for Phoenix Hotspur : RHP Donald Gregory
Batting: RHB Cristo González 0-0: Ground out 6-3 (Groundball, 6M)
Batting: LHB Brad Elmore 0-0: Foul Ball, location: 2F
0-1: Ball
1-1: Swinging Strike
1-2: Strikes out swinging
Batting: LHB Mike Gardner 0-0: Called Strike
0-1: Foul Ball, location: 2F
0-2: Ball
1-2: Fly out, F9 (Flyball, 9D)
Bottom of the 7th over - 0 run(s), 0 hit(s), 0 error(s), 0 left on base; Phoenix 3 - D.C. 2
TOP OF THE 8TH
Phoenix Hotspur batting - Pitching for D.C. Divided : LHP Tetsuzan Kaneko
Batting: SHB Pedro Gómez 0-0: Fly out, F7 (Line Drive, 78S)
Batting: SHB Roberto López 0-0: Ball
1-0: Ball
2-0: Called Strike
2-1: Called Strike
2-2: SOLO HOME RUN (Line Drive, 7D), Distance : 392 ft
Batting: RHB Raúl Robles 0-0: Ball
1-0: Fly out, F9 (Flyball, 9D)
Batting: RHB Gabriel Pérez 0-0: Ball
1-0: Ball
2-0: SINGLE (Line Drive, 5D)
Batting: RHB António Padilla 0-0: Ball
1-0: Ball
2-0: Called Strike
2-1: Foul Ball, location: 2F
2-2: Ball
3-2: Fly out, F4 (Popup, 34D)
Top of the 8th over - 1 run(s), 2 hit(s), 0 error(s), 1 left on base; Phoenix 4 - D.C. 2
BOTTOM OF THE 8TH
D.C. Divided batting - Pitching for Phoenix Hotspur : RHP Donald Gregory
Batting: LHB Ray Sears 0-0: Ball
1-0: Reached on error, E3 (Groundball, 3S)
Batting: LHB Charles Mathes 0-0: Called Strike
0-1: Fly out, F6 (Popup, 6)
Batting: LHB Keith Bridges 0-0: Ball
1-0: Ball
2-0: Foul Ball, location: 2F
2-1: Foul Ball, location: 2F
2-2: Grounds into double play, U3-6 (Groundball, 3L)
Bottom of the 8th over - 0 run(s), 0 hit(s), 1 error(s), 0 left on base; Phoenix 4 - D.C. 2
TOP OF THE 9TH
Phoenix Hotspur batting - Pitching for D.C. Divided : LHP Tetsuzan Kaneko
Batting: RHB Ángel Rivera 0-0: Foul Ball, location: 2F
0-1: Ball
1-1: Swinging Strike
1-2: Strikes out swinging
Batting: RHB Alfredo Martínez 0-0: Swinging Strike
0-1: Foul Ball, location: 2F
0-2: Fly out, F8 (Flyball, 8LM)
Batting: RHB John Moore 0-0: Foul Ball, location: 2F
0-1: Foul Ball, location: 2F
0-2: Foul Ball, location: 2F
0-2: Ball
1-2: Fly out, F8 (Flyball, 78M)
Top of the 9th over - 0 run(s), 0 hit(s), 0 error(s), 0 left on base; Phoenix 4 - D.C. 2
BOTTOM OF THE 9TH
D.C. Divided batting - Pitching for Phoenix Hotspur : RHP Donald Gregory
Pitching: RHP Bruce Hamilton
Batting: RHB Brett Robinson 0-0: Ground out 6-3 (Groundball, 6)
Batting: RHB Mario Castillo 0-0: Fly out, F2 (Popup, 2RF)
Batting: LHB Ramón García 0-0: Ball
1-0: Fly out, F8 (Flyball, 8LM)
Bottom of the 9th over - 0 run(s), 0 hit(s), 0 error(s), 0 left on base; Phoenix 4 - D.C. 2
This league is powered by Out of the Park Baseball, the baseball management simulation game for PC, Mac and Linux
Monday, October 3rd, 2016 - OOTP Baseball 16.9 Build 39